 Dungeon Crawl Stone Soup version 0.24-a0-458-gfcb5e6da0e (webtiles) character file.

Game seed: 4819113549700156221

96 forest the Sneak (level 4, -1/23 HPs)
             Began as a Spriggan Assassin on June 26, 2019.
             Killed by divine providence
             ... invoked by an orc priest
              (13 damage)
             ... on level 3 of the Dungeon.
             The game lasted 00:05:16 (2820 turns).

forest the Sneak (Spriggan Assassin)                Turns: 2820, Time: 00:05:18

Health: -1/23      AC:  5    Str:  8    XL:     4   Next: 41%
Magic:  5/5        EV: 19    Int: 12    God:
Gold:   69         SH:  0    Dex: 17    Spells: 3/3 levels left

rFire    . . .     SeeInvis +   a - +2 dagger
rCold    . . .     Gourm    .   (shield restricted)
rNeg     . . .     Faith    .   b - +0 robe
rPois    .         Spirit   .   u - +2 hat
rElec    .         Reflect  .   c - +0 cloak
rCorr    .         Harm     .   (gloves unavailable)
MR       +....                  (boots unavailable)
Stlth    ++++......             (no amulet)
HPRegen  0.07/turn              l - ring of protection from magic
MPRegen  0.09/turn              (no ring)

@: very quick
A: very small, unfitting armour, see invisible, herbivore, speed 3, slow
metabolism 2
a: no special abilities


You were on level 3 of the Dungeon.
You were not hungry.

You visited 1 branch of the dungeon, and saw 3 of its levels.

You collected 69 gold pieces.

Inventory:

Hand Weapons
 a - a +2 dagger (weapon)
Missiles
 d - 7 poisoned darts (quivered)
 e - 2 curare-tipped darts
 i - 64 stones
 k - 21 sling bullets
 s - 3 boomerangs
Armour
 b - a +0 robe (worn)
 c - a +0 cloak (worn)
 u - a +2 hat (worn)
Jewellery
 l - a ring of protection from magic (left hand)
Scrolls
 g - 6 scrolls of identify {unknown}
 j - a scroll of teleportation {unknown}
 m - a scroll of enchant weapon {unknown}
 n - 2 scrolls of amnesia {unknown}
 o - a scroll of magic mapping {unknown}
 r - a scroll of random uselessness {unknown}
Potions
 h - 3 potions of degeneration {unknown}
 p - a potion of heal wounds {unknown}
 q - 2 potions of curing {unknown}
 t - a potion of flight {unknown}
Comestibles
 f - 4 rations


   Skills:
 + Level 1.9 Fighting
 + Level 3.2 Short Blades
 + Level 2.1 Throwing
 + Level 3.4 Dodging
 + Level 7.0 Stealth


You had 3 spell levels left.
You didn't know any spells.
Your spell library was empty.

Dungeon Overview and Level Annotations

Branches:
Dungeon (3/15)

Altars:


Innate Abilities, Weirdness & Mutations

You are very small and have problems with some larger weapons.
You are too small for most types of armour.
You have supernaturally acute eyesight. (SInv)
You are a herbivore.
You cover ground extremely quickly.
You need to consume almost no food.


Message History

The orc priest invokes the aid of Beogh against you.
You easily resist.
The orc closely misses you.
The orc priest calls down the wrath of Beogh upon you.
Beogh smites you!
The orc wizard casts a spell.
The orc wizard flickers and vanishes for a moment.
An orc comes into view. It is wielding a +0 short sword.
An orc comes into view. It is wielding a +0 flail.
The orc moves out of view.
An orc priest comes into view.
It is wielding a +1 falchion of electrocution.
Throwing (i - inventory. (/) - cycle)
d - 8 poisoned darts (quivered)
Press: ? - help, Shift-Dir - straight line, f - orc priest
Aim: an orc priest, wielding a +1 falchion of electrocution and wearing a +0 leather armour (hasn't noticed you)
You throw a poisoned dart.
The poisoned dart closely misses the orc priest.
The orc priest shouts!
You hear a shout! x2
The orc priest calls down the wrath of Beogh upon you.
Beogh smites you!
Ouch! That really hurt!
You die...

#.####...............#
#.# #..#####[.......#
#.####..# #........
.######.......#
#.#.....#
....>.oo.####.#
#.#.....#
...o..O.......#
#....<..#######
...#####.####.#
#.......<...... %# #.#
#.######......#######
#.# #...@..o#...#.#
#.# #.#####.##.##.#
#.####(...<....†...#
#..................#
######o..)......#..#
#...###.####..#
#.....##.# #..#
#.......#.# .#
............ ..


You could see an orc priest.

Vanquished Creatures
  2 adders
  A worm (D:2)
  2 dart slugs
  2 leopard geckos
  5 orcs
  2 ball pythons
  5 bats
  4 giant cockroaches
  9 goblins
  7 hobgoblins
  8 kobolds
  A quokka (D:2)
  4 frilled lizards
  7 rats
59 creatures vanquished.

Notes
Turn   | Place    | Note
-------+----------+-------------------------------------------
     0 | D:1      | forest the Spriggan Assassin began the quest for the Orb.
     0 | D:1      | Reached XP level 1. HP: 10/10 MP: 2/2
    34 | D:1      | Reached skill level 6 in Stealth
   105 | D:1      | Reached XP level 2. HP: 7/14 MP: 3/3
   884 | D:1      | Reached XP level 3. HP: 18/18 MP: 4/4
  2433 | D:2      | Reached skill level 7 in Stealth
  2433 | D:2      | Reached XP level 4. HP: 23/23 MP: 5/5
  2801 | D:3      | Noticed an ogre
  2820 | D:3      | Killed from afar by an orc priest

Levels and vault maps discovered:
D:1:      saegor_arrival_simple_a, layout_rooms, minmay_indecisive_spiral
D:2:      layout_rooms, first_ration, chequers_serial_rivers_large_b,
          minmay_between
D:3:      layout_loops_ring, gammafunk_ghost_necromancy

Skill      XL: |  1  2  3 |
---------------+----------+-----
Stealth        | 6 7 |  7.0
Dodging        | 2 3 |  3.4
Short Blades   | 3 |  3.2
Fighting       | |  1.9
Throwing       | |  2.1

Action                   |  1- 3 |  4- 6 || total
-------------------------+-------+-------++-------
Melee: Dagger            |   225 |    32 ||   257
Throw: Dart              |     8 |     2 ||    10
 Stab: Sleeping          |     7 |     1 ||     8
Armor: Robe              |    32 |     3 ||    35
Dodge: Dodged            |   251 |    16 ||   267

Table legend:
 A = Non-vault XP
 B = Vault XP
 C = Vault XP percentage of total XP
 D = Non-vault monster count
 E = Vault monster count
 F = Vault count percentage of total count
                 A         B        C        D         E       F
            +---------+---------+-------+---------+---------+-------
      Total |     126 |      12 |   8.7 |      53 |       6 |  10.2
            +---------+---------+-------+---------+---------+-------
        D:1 |      51 |       9 |  15.0 |      29 |       4 |  12.1
        D:2 |      57 |       3 |   5.0 |      21 |       2 |   8.7
        D:3 |      18 |       0 |   0.0 |       3 |       0 |   0.0
            +---------+---------+-------+---------+---------+-------
